AoeStats
← quentin-tardy

Arena

509801452Analyzed
4v4 RM · 5d ago on Sep 28, 2026· 51m 26s· 8 players
Game mode
Random Map
Map size
Large (8 player)
Population
200
Speed
Normal
Resources
Standard
Victory
Conquest
Starting age
Dark Age
Ending age
Imperial Age
RankedLock teamsTeams togetherTeam positionsShared explorationLock speedFull tech treeHidden civsTurbo modeCheats
Victory
Defeat
🇨🇳 Slavs · China
951
+15
🇬🇧 Persians · United Kingdom
949
+15
🇨🇦 Spanish · Canada
947
+15
🇹🇼 Wei · Taiwan
937
+15
🇫🇷 Varangians · France
961
-16
🇲🇽 Celts · Mexico
919
-27
🇨🇦 Mongols · Canada
917
-44
🇺🇸 Danes · United States
893
-14
lordwhite
1:34 Loom
11:11 Feudal Age
11:39 Double-Bit Axe
11:44 Horse Collar
14:14 Wheelbarrow
19:43 Gold Mining
21:59 Castle Age
20:26 Man-at-Arms
20:55 Arson
23:54 Hand Cart
33:05 Bow Saw
32:59 Heavy Plow
39:12 Imperial Age
37:42 Stronghold
39:42 Pikeman
39:43 Long Swordsman
40:49 Onager
44:08 Caravan
44:12 Scale Mail Armor
44:22 Forging
45:15 Chemistry
44:36 Ballistics
44:06 Heated Shot
44:19 Gambesons
43:57 Long Swordsman
46:38 Iron Casting
49:55 Halberdier
UrbanTarzan
12:20 Feudal Age
13:54 Horse Collar
14:03 Double-Bit Axe
16:55 Castle Age
18:18 Heavy Plow
18:31 Bow Saw
21:20 Wheelbarrow
24:40 Stone Mining
24:41 Gold Mining
25:53 Hand Cart
26:06 Town Watch
27:24 Fletching
27:35 Padded Archer Armor
27:02 Elite Skirmisher
27:56 Squires
28:25 Bodkin Arrow
30:05 Leather Archer Armor
30:35 Town Patrol
33:08 Imperial Age
31:02 Husbandry
31:13 Bloodlines
31:14 Thumb Ring
31:34 Ballistics
33:28 Town Patrol
33:41 Forging
33:32 Scale Mail Armor
34:10 Bracer
35:18 Chemistry
34:42 Conscription
33:58 Onager
34:47 Siege Engineers
36:16 Siege Onager
38:23 Elite Mangudai
46:20 Pikeman
48:00 Scale Mail Armor
48:10 Forging
quentin-tardy
10:46 Feudal Age
13:09 Wheelbarrow
15:30 Castle Age
14:28 Horse Collar
22:15 Fervor
27:14 Husbandry
27:27 Bloodlines
28:58 Hand Cart
31:14 Double-Bit Axe
31:32 Heavy Plow
32:22 Gold Mining
32:26 Stone Mining
36:10 Imperial Age
34:51 Vendel Legacy
35:46 Scale Barding Armor
35:51 Forging
35:28 Treadmill Crane
35:58 Masonry
35:44 Murder Holes
36:10 Ballistics
36:18 Bow Saw
37:31 Stone Shaft Mining
36:22 Cranequins
36:23 Heavy Mounted Crossbowman
38:39 Iron Casting
38:05 Scale Mail Armor
37:35 Elite Varangian Guard
38:16 Squires
38:02 Arson
38:04 Gambesons
39:23 Two-Man Saw
39:02 Crop Rotation
39:01 Loom
39:02 Town Watch
41:48 Conscription
40:49 Gothikon
42:32 Chain Mail Armor
43:44 Blast Furnace
42:09 Pikeman
43:13 Halberdier
46:28 Plate Mail Armor
CIaymoreKnight
7:44 Loom
10:05 Feudal Age
10:42 Double-Bit Axe
10:45 Horse Collar
19:43 Castle Age
18:00 Scale Mail Armor
18:12 Forging
17:32 Man-at-Arms
18:42 Arson
19:51 Long Swordsman
20:19 Gambesons
20:52 Chain Mail Armor
21:02 Bow Saw
23:33 Wheelbarrow
22:52 Town Watch
23:43 Fletching
26:17 Heavy Plow
27:19 Elite Skirmisher
28:58 Padded Archer Armor
30:12 Thumb Ring
30:45 Squires
35:54 Imperial Age
34:41 Gold Mining
35:22 Leather Archer Armor
35:03 Bodkin Arrow
35:03 Pikeman
36:04 Halberdier
aanndrrees
10:00 Feudal Age
15:34 Castle Age
13:56 Double-Bit Axe
14:10 Horse Collar
17:36 Wheelbarrow
19:52 Heavy Plow
25:25 Hand Cart
24:56 Town Watch
24:57 Loom
25:54 Bow Saw
29:06 Padded Archer Armor
29:12 Scale Barding Armor
29:44 Fletching
30:11 Leather Archer Armor
32:40 Imperial Age
32:08 Masonry
31:54 Murder Holes
32:03 Husbandry
32:15 Bloodlines
32:07 Bodkin Arrow
32:33 Chain Barding Armor
33:28 Ballistics
33:07 Gold Mining
34:28 Chemistry
35:22 Two-Man Saw
34:50 Arrowslits
35:36 Architecture
35:39 Ring Archer Armor
35:14 Stone Mining
36:20 Elite Conquistador
37:36 Hoardings
40:23 Plate Barding Armor
39:50 Bracer
47:01 Stone Shaft Mining
46:39 Town Patrol
47:14 Forging
47:04 Scale Mail Armor
49:29 Caravan
JalalTheDestroyer
2:21 Loom
10:56 Feudal Age
15:43 Castle Age
14:20 Wheelbarrow
16:25 Double-Bit Axe
22:14 Horse Collar
24:16 Bow Saw
24:04 Gold Mining
24:39 Hand Cart
26:35 Heavy Plow
30:36 Imperial Age
29:01 Forging
29:14 Scale Barding Armor
30:27 Iron Casting
30:50 Chain Barding Armor
32:25 Two-Man Saw
32:02 Crop Rotation
33:52 Blast Furnace
33:28 Plate Barding Armor
33:16 Conscription
39:52 Hoardings
38:41 Elite War Elephant
39:39 Bloodlines
39:31 Husbandry
40:31 Town Watch
41:35 Fletching
42:07 Ballistics
43:05 Bodkin Arrow
52:13 Hoardings
TAE_YANG
9:59 Feudal Age
8:43 Loom
14:09 Castle Age
12:35 Double-Bit Axe
12:45 Horse Collar
13:41 Gold Mining
15:12 Bow Saw
15:57 Heavy Plow
17:23 Stone Mining
22:32 Wheelbarrow
23:59 Gold Shaft Mining
25:57 Stone Shaft Mining
28:30 Imperial Age
26:28 Fletching
26:40 Padded Archer Armor
27:49 Thumb Ring
27:40 Bodkin Arrow
28:28 Bloodlines
28:19 Husbandry
27:40 Light Cavalry
29:29 Hand Cart
30:05 Ballistics
29:27 Treadmill Crane
30:02 Scale Barding Armor
30:07 Forging
31:18 Crop Rotation
31:11 Heavy Hei Guang Cavalry
33:05 Chain Barding Armor
34:18 Iron Casting
34:50 Murder Holes
36:20 Blast Furnace
35:50 Conscription
36:35 Tuntian
38:37 Chemistry
38:48 Ming Guang Armor
48:27 Caravan
49:17 Fortified Wall
49:17 Masonry
49:13 Bracer
48:52 Elite Skirmisher
打不过
3:48 Loom
11:34 Feudal Age
12:26 Double-Bit Axe
18:30 Castle Age
16:50 Horse Collar
18:27 Stone Mining
21:58 Bow Saw
22:45 Gold Mining
23:48 Heavy Plow
29:58 Imperial Age
28:56 Detinets
29:59 Gold Shaft Mining
30:02 Wheelbarrow
29:13 Town Watch
29:38 Squires
29:53 Forging
29:48 Scale Barding Armor
30:02 Bloodlines
29:53 Husbandry
31:20 Conscription
31:51 Crop Rotation
33:54 Iron Casting
34:17 Elite Boyar
34:32 Light Cavalry
35:10 Herbal Medicine
36:10 Hoardings
35:48 Masonry
36:52 Two-Man Saw
36:58 Chain Barding Armor
37:05 Hand Cart
39:33 Blast Furnace
41:20 Plate Barding Armor
40:54 Siege Engineers
42:21 Chemistry
44:21 Town Patrol
44:24 Murder Holes
48:40 Scale Mail Armor
48:31 Fletching
48:42 Padded Archer Armor
Connection lost

Rejoining the realm…

Still unreachable

The connection could not be restored.

Session expired

The server has moved on; the page needs a fresh start.